 Dungeon Crawl Stone Soup version 0.30-a0-924-g0ad0bf95bc (webtiles) character file.

Game seed: 2801242972392352315

221 GigaChad the Chopper (level 6, 48/48 HPs)
             Began as a Formicid Fighter on Mar 22, 2023.
             Quit the game on level 2 of the Dungeon.
             The game lasted 00:02:30 (1694 turns).

GigaChad the Chopper (Formicid Fighter)             Turns: 1694, Time: 00:02:30

Health: 48/48      AC:  9    Str: 29    XL:     6   Next: 18%
Magic:  6/6        EV:  8    Int:  7    God:
Gold:   69         SH:  5    Dex: 13    Spells: 5/5 levels left

rFire   . . .      SeeInvis +    a - +0 war axe
rCold   . . .      Faith    .    c - +0 buckler
rNeg    . . .      Spirit   .    m - +0 chain mail
rPois   .          Reflect  .    (helmet unavailable)
rElec   .          Rampage  .    (no cloak)
rCorr   .                        (no gloves)
Will    .....                    (no boots) Stlth
                                 (no amulet)
HPRegen 0.28/turn                l - +6 ring of strength
MPRegen 0.10/turn                (no ring)

@: no status effects
A: permanent stasis, dig shafts and tunnels, antennae 3, four strong arms
a: Dig, Shaft Self


You were on level 2 of the Dungeon.
You visited 1 branch of the dungeon, and saw 2 of its levels.

You collected 69 gold pieces.

Inventory:

Hand Weapons
 a - a +0 war axe (weapon)
 e - a +0 scythe
Armour
 b - a +0 scale mail
 c - a +0 buckler (worn)
 m - a +0 chain mail (worn)
Jewellery
 l - a +6 ring of strength (left hand)
Wands
 k - a wand of charming (5)
Scrolls
 g - a scroll of vulnerability
 h - 2 scrolls of teleportation
 n - a scroll of fear {unknown}
 o - a scroll of identify
 p - a scroll of magic mapping {unknown}
Potions
 d - a potion of might
 f - 2 potions of attraction {unknown}
 i - a potion of lignification {unknown}
 j - 2 potions of degeneration {unknown}


   Skills:
 + Level 3.9 Fighting
 + Level 4.7 Axes
 + Level 4.0 Armour
 + Level 0.9 Dodging
 + Level 0.1 Stealth
 + Level 4.6 Shields


You had 5 spell levels left.
You didn't know any spells.
Your spell library was empty.

Dungeon Overview and Level Annotations

Branches:
Dungeon (2/15)

Altars:


Innate Abilities, Weirdness & Mutations

You cannot be hasted, slowed, berserked, paralysed or teleported.
You can dig through walls and to a lower floor.
You have a pair of large antennae on your head. (SInv)
Your four strong arms can wield two-handed weapons with a shield.


Message History

The bat is severely wounded.
The bat hits you but does no damage. x2
A bat is nearby!
You slash the bat!
You kill the bat!
A bat comes into view.
Found 10 gold pieces.
The bat hits you but does no damage.
A bat is nearby!
You hit the bat.
You kill the bat!
You see here a bat corpse.
You now have 69 gold pieces (gained 10).
You see here a bat corpse.
You see here a +0 robe.
Things that are here:
a +0 short sword; a kobold skeleton You see here a quokka skeleton.
o - a scroll of identify No target in view!
p - a scroll labelled KIXAEKAONI No target in view!
There is a shaft here.
There is a stone staircase leading down here.
Found 3 stones.
No target in view!
You see here 3 stones.
You see here a bat skeleton.
Done exploring.
No target in view!
Done exploring.
Done exploring.
No target in view!
Key pressed, stopping explore.
No target in view!
No target in view!
Done exploring.
Welcome back, GigaChad the Formicid Fighter.
Press ? for a list of commands and other information.
Are you sure you want to abandon this character and quit the game? (Confirm with "yes".)

#.#............#.#### #...#
#...................#####.#.###
#############.##.##............
#.#...#######.#.... #..###.##
#.##### #.## ##.#####...... #.#
#........#### #.## ##.######.#
##@###.........#
##...########## #####


There were no monsters in sight!

Vanquished Creatures
  Sigmund (D:2)
  3 adders (D:2)
  A dart slug (D:2)
  3 ball pythons
  9 bats
  3 endoplasms
  A giant cockroach (D:1)
  2 hobgoblins (D:1)
  4 kobolds
  A quokka (D:2)
  A frilled lizard (D:1)
  A goblin (D:2)
  3 rats
33 creatures vanquished.

Notes
Turn   | Place    | Note
-------+----------+-------------------------------------------
     0 | D:1      | GigaChad the Formicid Fighter began the quest for the Orb.
     0 | D:1      | Reached XP level 1. HP: 18/18 MP: 1/1
   250 | D:1      | Reached XP level 2. HP: 24/24 MP: 2/2
   985 | D:2      | Reached XP level 3. HP: 29/29 MP: 3/3
  1152 | D:2      | Noticed Sigmund
  1166 | D:2      | Killed Sigmund
  1167 | D:2      | Reached XP level 4. HP: 24/37 MP: 4/4
  1167 | D:2      | Reached XP level 5. HP: 28/42 MP: 5/5
  1167 | D:2      | Reached XP level 6. HP: 32/48 MP: 6/6
  1694 | D:2      | Quit the game

Illustrated notes

Levels and vault maps discovered:
D:1:      matt_arrival_grand_opening, layout_loops_corners
D:2:      layout_loops_ring, uniq_sigmund

Skill      XL: |  1  2  3 |
---------------+----------+-----
Axes           | 4 |  4.7
Armour         | 4 |  4.0
Fighting       | |  3.9
Dodging        | |  0.9
Stealth        | |  0.1
Shields        | |  4.6

Action                     |  1- 3 |  4- 6 || total
---------------------------+-------+-------++-------
  Melee: War axe           |    73 |    31 ||   104
    Use: Scroll            |     4 |       ||     4
 Armour: Scale mail        |    26 |       ||    26
         Chain mail        |    20 |    27 ||    47
  Dodge: Dodged            |    44 |     9 ||    53
  Block: Buckler           |    15 |     9 ||    24

Table legend: (Time is in decaauts)
 A = Elapsed time spent in this place.
 B = Non-inter-level travel time spent in this place.
 C = Inter-level travel time spent in this place.
 D = Time resting spent in this place.
 E = Time spent auto-exploring this place.
 F = Levels seen in this place.
 G = Mean time per level.
                   A        B        C        D        E       F      G
               +--------+--------+--------+--------+--------+-----+--------+
         Total |   1731 |   1668 |     63 |      5 |   1345 |   2 |  865.5 |
       Dungeon |   1731 |   1668 |     63 |      5 |   1345 |   2 |  865.5 |
               +--------+--------+--------+--------+--------+-----+--------+

Top non-repeatable levels by time:
     D:1: 962 daAuts
     D:2: 769 daAuts
